Map: Simulacrum LE

Players

INnoVation - Winner!

  • Race: Terran Terran
  • Spawn Location: 11:00

LiquidMaNa (MaNa)

  • Race: Protoss Protoss
  • League: Master
  • Spawn Location: 5:00

Event: Shopify TSL 5

VOD

Have the link to the VOD?

Description

Time

  • Played on: May 30, 2020, 9:04 a.m.
  • Length: 13:01

All games in this series

Show
View Real Time Build Order
Export as new Build Order

INnoVation Terran - Winner!

Build Orders: Reaper Expand 

Get SALT Encoding   

  12  0:00  SCV  
  13  0:13  SCV  
  14  0:17  Supply Depot  
  14  0:25  SCV  
  15  0:39  SCV  
  15  0:41  Barracks  
  16  0:43  Refinery  
  16  0:51  SCV  
  17  1:03  SCV  
  18  1:15  SCV  
  19  1:27  Orbital Command, Reaper  
  20  1:44  Command Center  
  20  1:51  Supply Depot  
  20  1:54  SCV  
  20  1:59  Marine  
  22  2:06  SCV  
  23  2:10  Factory  
  23  2:18  Refinery  
  23  2:19  SCV  
  23  2:21  Barracks Reactor  
  24  2:31  SCV  
  24  2:34  Barracks  
  25  2:43  SCV  
  26  2:55  SCV  
  26  2:56  Orbital Command  
  27  3:02  Hellion x2  
  31  3:06  Barracks Tech Lab  
  31  3:07  SCV  
  32  3:19  SCV  
  33  3:23  SCV  
  33  3:26  Marine, Stimpack  
  35  3:31  SCV  
  36  3:35  SCV  
  36  3:36  Marine x2  
  36  3:39  Barracks  
  36  3:40  Factory Tech Lab  
  39  3:43  Supply Depot  
  39  3:45  Marauder  
  41  3:50  SCV  
  41  3:51  SCV  
  40  3:56  Marine x2  
  40  4:04  Siege Tank  
  40  4:06  SCV x2, Marauder  
  47  4:10  Supply Depot  
  47  4:13  Bunker  
  47  4:14  Marine x2  
  49  4:18  SCV  
  49  4:19  SCV  
  51  4:28  Barracks Tech Lab  
  51  4:29  Marauder  
  53  4:32  Supply Depot  
  53  4:34  Marine x2  
  53  4:36  Siege Tank  
  53  4:38  SCV x2  
  60  4:47  Supply Depot  
  60  4:48  Combat Shield  
  60  4:49  Marauder  
  62  4:54  SCV x2, Marauder  
  62  4:55  Marine x2  
  68  5:00  Supply Depot  
  68  5:03  Engineering Bay  
  68  5:07  Concussive Shells  
  68  5:12  Marauder  
  68  5:13  Supply Depot  
  70  5:15  Marine x2, Marauder  
  70  5:19  Siege Tank  
  77  5:22  SCV x2  
  79  5:30  Refinery, Supply Depot  
  79  5:32  Marine  
  79  5:33  Marine  
  81  5:38  Supply Depot  
  81  5:40  Marauder  
  81  5:42  Terran Infantry Weapons Level 1  
  83  5:43  SCV  
  83  5:44  SCV  
  85  5:55  Supply Depot  
  85  5:59  Marauder  
  85  6:01  Marine x2, Marauder  
  85  6:02  SCV x2  
  91  6:10  Siege Tank  
  94  6:14  Supply Depot  
  94  6:16  Refinery  
  94  6:20  Marauder  
  94  6:23  Marauder  
  94  6:25  Marine x2  
  100  6:29  Supply Depot  
  100  6:40  SCV x2  
  100  6:42  Marine, Marauder  
  100  6:43  Marine  
  100  6:44  Marauder  
  100  6:45  Starport  
  108  6:51  Factory Reactor  
  108  6:54  SCV x2  
  109  6:59  Command Center  
  109  7:07  Marauder x2  
  113  7:09  Marine x2  
  113  7:12  SCV x2  
  117  7:24  Barracks, SCV  
  117  7:25  SCV, Barracks  
  119  7:30  Marauder x2  
  119  7:33  Medivac x2  
  119  7:36  SCV  
  119  7:37  SCV  
  129  7:40  Supply Depot x2  
  129  7:49  SCV x2  
  131  7:56  Terran Infantry Armor Level 1  
  131  8:01  SCV x2  
  131  8:03  Medivac x2  
  137  8:10  Marine x2, Marauder x2  
  137  8:12  Barracks Reactor, Orbital Command  
  143  8:13  SCV  
  143  8:17  SCV  
  144  8:25  SCV, Armory  
  145  8:27  Engineering Bay, Refinery x2  
  145  8:29  SCV  
  145  8:30  Supply Depot  
  145  8:33  Medivac x2  
  150  8:37  SCV  
  152  8:41  SCV x2  
  153  8:51  Marine, Marauder x3  
  153  8:52  Marine x3  
  135  9:03  Viking x2  
  135  9:09  Marine x2  
  134  9:10  Marine  
  134  9:12  Marauder x3  
  141  9:24  SCV x3  
  144  9:34  Marauder  
  144  9:35  Viking x2, Marauder x2  
  144  9:36  Marine x3  
  155  9:44  Terran Infantry Weapons Level 2  
  155  9:52  Ghost Academy  
  155  10:03  Marine x2  
  157  10:08  Supply Depot  
  157  10:09  Supply Depot  
  157  10:10  Supply Depot  
  157  10:14  Marine x2  
  157  10:16  Viking  
  156  10:21  Viking  
  156  10:23  Enhanced Shockwaves  
  156  10:29  Ghost x3  
  156  10:31  Marine x2  
  156  10:32  Marine x2  
  166  10:37  SCV x3  
  166  10:40  Supply Depot  
  166  10:42  Sensor Tower  
  169  10:46  Medivac  
  171  10:51  Medivac  
  171  10:56  Supply Depot  
  177  11:01  Ghost x2  
  177  11:02  Ghost  
  177  11:03  Missile Turret  
  179  11:14  Command Center  
  179  11:27  Missile Turret  
  179  11:30  Ghost x2  
  179  11:31  Ghost  
  184  11:33  Marine x4  
  187  11:40  Viking x2  
  190  11:57  Barracks  
  190  11:58  Marine x4  
  190  11:59  Barracks x2  
  192  12:07  Marauder x3  
  172  12:25  Marine  
  172  12:26  Marine x3  
  172  12:28  Marauder x3  
  163  12:38  SCV x2  
  163  12:39  SCV  
  163  12:48  Barracks Reactor, Barracks Tech Lab  
  163  12:49  Barracks Tech Lab  
Show
View Real Time Build Order
Export as new Build Order

LiquidMaNa Protoss 

Build Orders: 1 Gate Expand, Phoenix Opening, Blink Stalkers, Colossus Rush 

Get SALT Encoding   

  12  0:00  Probe  
  13  0:12  Probe  
  14  0:17  Pylon  
  14  0:24  Probe (Chrono Boost)  
  15  0:36  Gateway  
  15  0:37  Probe (Chrono Boost)  
  16  0:44  Probe (Chrono Boost)  
  16  0:46  Assimilator  
  17  0:51  Probe  
  18  1:03  Probe (Chrono Boost)  
  19  1:04  Assimilator  
  19  1:12  Probe (Chrono Boost)  
  19  1:17  Probe (Chrono Boost)  
  20  1:24  Cybernetics Core  
  21  1:29  Probe  
  22  1:44  Nexus  
  22  1:50  Pylon  
  22  1:53  Probe  
  23  2:05  Stalker (Chrono Boost), Warp Gate  
  23  2:08  Probe  
  26  2:21  Probe  
  27  2:29  Sentry  
  29  2:33  Probe  
  30  2:40  Twilight Council  
  30  2:45  Probe  
  31  2:52  Robotics Facility  
  31  2:56  Probe, Pylon  
  31  2:57  Probe  
  33  3:01  Stalker  
  33  3:04  Phoenix  
  35  3:08  Probe  
  35  3:09  Probe  
  37  3:16  Gateway  
  37  3:18  Blink (Chrono Boost)  
  37  3:20  Probe  
  37  3:21  Probe  
  39  3:33  Probe x2  
  41  3:40  Warp Prism  
  43  3:45  Probe x2  
  41  3:56  Stalker  
  41  3:57  Probe x2  
  45  4:07  Gateway  
  45  4:09  Probe x2  
  47  4:10  Gateway  
  47  4:15  Stalker  
  47  4:16  Observer  
  50  4:21  Probe  
  50  4:23  Pylon  
  51  4:25  Probe  
  51  4:29  Assimilator  
  52  4:33  Probe  
  52  4:37  Probe  
  54  4:43  Stalker x2  
  54  4:45  Probe  
  59  4:47  Pylon  
  59  4:49  Probe  
  59  4:51  Robotics Bay  
  60  4:56  Assimilator  
  61  5:07  Pylon, Stalker x2  
  62  5:08  Observer  
  62  5:10  Stalker  
  62  5:13  Probe x2  
  68  5:19  Observer  
  68  5:25  Probe  
  73  5:33  Stalker x2  
  77  5:36  Pylon  
  73  5:45  Pylon  
  73  5:46  Colossus (Chrono Boost)  
  78  5:51  Pylon  
  78  5:53  Observer  
  77  5:58  Probe x2  
  77  5:59  Extended Thermal Lance  
  79  6:05  Shield Battery  
  79  6:07  Zealot, Stalker x2  
  79  6:10  Probe x2  
  87  6:23  Colossus (Chrono Boost)  
  93  6:34  Probe  
  93  6:37  Nexus  
  93  6:38  Probe  
  95  6:40  Observer  
  95  6:41  Charge (Chrono Boost)  
  95  6:46  Probe  
  96  6:49  Sentry, Zealot x2  
  102  6:55  Pylon  
  102  7:01  Shield Battery  
  102  7:12  Colossus (Chrono Boost)  
  102  7:13  Probe x2  
  102  7:15  Observer  
  110  7:33  Templar Archives  
  110  7:36  Gateway  
  110  7:39  Gateway  
  110  7:40  Gateway  
  110  7:44  Gateway  
  110  7:47  Forge  
  110  7:49  Probe x2  
  110  7:50  Probe  
  113  7:53  Pylon  
  113  7:55  Pylon  
  113  8:01  Probe x2  
  113  8:02  Probe  
  113  8:05  Zealot x4  
  124  8:13  Probe x2  
  124  8:14  Probe, Pylon  
  124  8:16  Observer  
  127  8:21  Protoss Ground Weapons Level 1 (Chrono Boost)  
  127  8:25  Probe  
  128  8:28  High Templar x4  
  128  8:32  Archon x2, Pylon  
  136  8:41  Zealot x4  
  140  8:58  Nexus  
  140  9:01  Zealot x2  
  140  9:02  Zealot x4  
  124  9:06  Immortal (Chrono Boost)  
  116  9:13  High Templar x2  
  116  9:14  Psionic Storm  
  120  9:18  Archon  
  120  9:19  Probe  
  120  9:20  Probe  
  122  9:26  Probe  
  122  9:28  Assimilator  
  122  9:29  Observer, Assimilator  
  123  9:31  Sentry, Zealot x2  
  123  9:32  Zealot  
  123  9:33  Probe x2  
  133  9:41  Immortal, Probe  
  138  9:52  Probe  
  139  9:53  High Templar  
  139  9:55  Pylon  
  140  10:01  High Templar  
  142  10:07  Zealot x3  
  142  10:08  Zealot x2  
  142  10:09  Probe x2  
  142  10:14  Probe  
  143  10:15  Warp Prism  
  143  10:16  Probe  
  144  10:21  High Templar x2  
  144  10:22  Protoss Ground Armor Level 1 (Chrono Boost)  
  144  10:23  Zealot x4  
  150  10:29  Gateway  
  150  10:30  Gateway  
  150  10:36  High Templar  
  150  10:38  Forge, Shield Battery  
  150  10:39  Shield Battery  
  150  10:40  Gravitic Drive (Chrono Boost)  
  152  10:43  Pylon  
  152  10:47  Photon Cannon  
  152  10:49  Probe x2, Shield Battery  
  154  10:50  Immortal (Chrono Boost)  
  158  10:57  High Templar  
  158  11:03  Zealot x4  
  168  11:08  Pylon  
  168  11:13  Assimilator  
  166  11:26  High Templar x2  
  166  11:27  Zealot x7  
  166  11:30  Archon  
  184  11:36  Immortal  
  186  11:47  Stalker x5  
  196  11:54  Pylon  
  194  12:03  Dark Shrine  
  194  12:05  Robotics Facility  
  194  12:06  Nexus  
  194  12:07  Gateway  
  142  12:23  Zealot x9  
  116  12:33  High Templar x2, Zealot x2  
  116  12:34  Zealot x6  
  124  12:37  Archon  
Tags
 
Add a new tag
Caveats
  • Supply blocks, unpowered buildings, or Contaminate may cause inaccurate times.
  • Supply counts are checked every 10 seconds.